 Dungeon Crawl Stone Soup version 0.30-b1-5-g8e6c1be481 (webtiles) character file.

Game seed: 12474898695790985418

273 Jase the Conjurer (level 6, -3/32 HPs)
             Began as a Deep Elf Conjurer on May 4, 2023.
             Shot with an arrow by a centaur (8 damage)
             ... on level 3 of the Dungeon.
             The game lasted 00:04:37 (2131 turns).

Jase the Conjurer (Deep Elf Conjurer)               Turns: 2131, Time: 00:04:38

Health: -3/32      AC:  3    Str:  4    XL:     6   Next: 3%
Magic:  16/17      EV: 12    Int: 25    God:
Gold:   90         SH:  0    Dex: 13    Spells: 14/17 levels left

rFire   . . .        a - +0 short sword
rCold   . . .        (no shield)
rNeg    . . .        j - +0 robe
rPois   .            (no helmet)
rElec   .            (no cloak)
rCorr   .            (no gloves)
SInv    .            c - +0 pair of boots
Will    .....        (no amulet)
Stlth   ++           (no ring)
HPRegen 0.25/turn    (no ring)
MPRegen 0.15/turn

%: no passive effects
@: no status effects
A: no striking features
a: no special abilities


You were on level 3 of the Dungeon.
You visited 1 branch of the dungeon, and saw 3 of its levels.

You collected 90 gold pieces.

Inventory:

Hand Weapons
 a - a +0 short sword (weapon)
Armour
 c - a +0 pair of boots (worn)
 j - a +0 robe (worn)
Wands
 p - a wand of roots (6)
Scrolls
 g - a scroll of enchant weapon {unknown}
 h - a scroll of noise {unknown}
 k - 2 scrolls of fog {unknown}
 l - 2 scrolls of teleportation {unknown}
 m - a scroll of identify {unknown}
 o - a scroll of poison {unknown}
Potions
 b - 3 potions of magic
 d - a potion of lignification {unknown}
 e - 2 potions of brilliance {unknown}
 f - 5 potions of curing {unknown}
 i - a potion of cancellation {unknown}
 n - a potion of heal wounds {unknown}


   Skills:
 - Level 2.4 Dodging
 - Level 2.4 Stealth
 + Level 6.3 Spellcasting
 + Level 6.4 Conjurations


You had 14 spell levels left.
You knew the following spells:

 Your Spells              Type           Power      Damage    Failure   Level
a - Magic Dart            Conj           100%       1d8       1%          1
b - Searing Ray           Conj           80%        2d7       1%          2

Your spell library contained the following spells:

 Spells                   Type           Power      Damage    Failure   Level
 Dazzling Flash           Conj/Hex       48%        N/A       6%          3
 Fulminant Prism          Conj/Hex       12%        3d9       19%         4
 Iskenderun's Mystic Bla  Conj/Tloc      24%        2d7       19%         4


Dungeon Overview and Level Annotations

Branches:
Dungeon (3/15)

Altars:


Message History

The searing ray hits the scorpion!
The scorpion is severely wounded.
The scorpion stings you but does no damage.
The searing ray hits the scorpion.
The scorpion is severely wounded.
The scorpion closely misses you.
The searing ray hits the scorpion but does no damage.
The scorpion is severely wounded.
You finish channelling your searing ray.
The scorpion stings you but does no damage.
Casting: Searing Ray (safe; 1% risk of failure)
Confirm with . or Enter, or press ? or * to list all spells.
Aiming: Searing Ray (safe; 1% risk of failure)
Press: ? - help, Shift-Dir - straight line, f/p - scorpion
Aim: a scorpion (severely wounded, 81% to hit)
The searing ray hits the scorpion!
You kill the scorpion! (Press . to maintain the ray.)
You have reached level 6!
Unknown command.
You see here a scorpion corpse.
Found a short sword.
You see here a +0 short sword.
You see here a +0 dagger.
You now have 90 gold pieces (gained 13).
Found a stone staircase leading down.
A centaur comes into view.
The centaur shouts!
The centaur wields a +0 shortbow of flaming.
It bursts into flame!
The centaur shoots an arrow.
The arrow hits you! The arrow burns you.
The magic dart hits the centaur.
The centaur is moderately wounded.
The centaur shoots an arrow.
The arrow hits you!
Ouch! That really hurt!
* * * LOW HITPOINT WARNING * * *
The arrow burns you.
* * * LOW HITPOINT WARNING * * *
The centaur shoots an arrow.
The arrow hits you!
You die...

#.# .# #c# ..##
#.# ..# #.# #.#
#.# ##.###.#
#......# #....@.#
########......#
..............#
.........##.#.#
.........##...#
.........###..###
.................
...............##
########.....>.#


You could see a centaur.

Vanquished Creatures
  Sigmund (D:2)
  A scorpion (D:3)
  An adder (D:2)
  A worm (D:3)
  A dart slug (D:1)
  4 endoplasms
  2 giant cockroaches
  4 hobgoblins
  2 jackals (D:3)
  3 quokkas
  4 ball pythons
  2 bats
  4 frilled lizards (D:1)
  4 goblins
  3 kobolds
  2 rats
39 creatures vanquished.

Vanquished Creatures (others)
  2 fungi (D:2)
  A plant (D:2)
3 creatures vanquished.

Grand Total: 42 creatures vanquished

Notes
Turn   | Place    | Note
-------+----------+-------------------------------------------
     0 | D:1      | Jase the Deep Elf Conjurer began the quest for the Orb.
     0 | D:1      | Reached XP level 1. HP: 10/10 MP: 6/6
   245 | D:1      | Reached XP level 2. HP: 15/15 MP: 0/8
   488 | D:1      | Learned a level 2 spell: Searing Ray
  1096 | D:2      | Reached skill level 5 in Conjurations
  1096 | D:2      | Reached XP level 3. HP: 19/19 MP: 3/10
  1335 | D:2      | Found a faded altar of an unknown god.
  1658 | D:2      | Noticed Sigmund
  1678 | D:2      | Killed Sigmund
  1679 | D:2      | Reached skill level 5 in Spellcasting
  1679 | D:2      | Reached XP level 4. HP: 11/24 MP: 3/13
  1679 | D:2      | Reached XP level 5. HP: 13/28 MP: 3/15
  1966 | D:3      | Reached XP level 6. HP: 32/32 MP: 7/17
  2131 | D:3      | Shot with an arrow by a centaur

Illustrated notes

Levels and vault maps discovered:
D:1:      dpeg_arrival_orchard, layout_basic, serial_corexii_hall,
          chequers_hall_statues_wall_a, chequers_hall_statues_wall_a,
          kennysheep_another_room, minmay_misc_feat_encased
D:2:      layout_basic, shapermc_ecumenical_altar_gd, uniq_sigmund
D:3:      layout_basic

Skill      XL: |  1  2  3  4  5 |
---------------+----------------+-----
Spellcasting   | 4 5 6 |  6.3
Conjurations   | 5 6 |  6.4
Dodging        | |  2.4
Stealth        | |  2.4

Action                     |  1- 3 |  4- 6 || total
---------------------------+-------+-------++-------
   Cast: Magic Dart        |    65 |     7 ||    72
         Searing Ray       |     2 |     4 ||     6
 Armour: Robe              |     4 |     3 ||     7
  Dodge: Dodged            |     7 |     4 ||    11
